 Dungeon Crawl Stone Soup version 0.17-a0-1387-g00d4e61 (console) character file.

186 Monkaria the Chopper (level 5, -5/52 HPs)
             Began as a Hill Orc Chaos Knight on June 16, 2015.
             Was a Follower of Fedhas.
             Slain by a mummy (15 damage)
             ... in an ossuary.
             The game lasted 00:04:44 (1859 turns).

Monkaria the Chopper (Hill Orc Chaos Knight)        Turns: 1859, Time: 00:04:44

Health: -5/52      AC:  6    Str: 16    XL:     5   Next: 65%
Magic:  5/5        EV: 11    Int: 16    God:    Fedhas [*.....]
Gold:   82         SH:  0    Dex: 10    Spells: 0 memorised, 4 levels left

rFire  . . .     SeeInvis .     a - +0 hand axe (chaos)
rCold  . . .     Clarity  +     b - +2 leather armour
rNeg   . . .     SustAt   .     (no shield)
rPois  .         Gourm    .     (no helmet)
rElec  .         Spirit   .     (no cloak)
rCorr  .         Warding  .     k - +0 pair of gloves
rMut   .         Rnd*Tele +     (no boots)
MR     .....                    (no amulet)
Stlth  +.........               u - +4 ring of intelligence
                                t - ring of teleportation (curse)

@: not resistant to hostile enchantments, very unstealthy
A: clarity, robust 1, subdued magic 1
a: Evolution, Renounce Religion, Evoke Teleportation


You were in an ossuary.
You worshipped Fedhas.
Fedhas was aware of your devotion.
You were very hungry.

You visited 1 branch of the dungeon, and saw 4 of its levels.
You also visited: Ossuary.

You collected 82 gold pieces.

Inventory:

Hand weapons
 a - a +0 hand axe of chaos (weapon)
Armour
 b - a +2 leather armour (worn)
 k - a +0 pair of gloves (worn)
Jewellery
 t - a cursed ring of teleportation (left hand)
 u - a +4 ring of intelligence (right hand)
Scrolls
 e - a scroll of remove curse {unknown}
 f - 2 scrolls of teleportation {unknown}
 g - a scroll of noise {unknown}
 j - a scroll of enchant weapon {unknown}
 l - a scroll of immolation {unknown}
 m - a scroll of fear {unknown}
 n - 2 scrolls of fog {unknown}
 q - a scroll of random uselessness {unknown}
 r - a scroll of blinking {unknown}
 v - a scroll of recharging {unknown}
Potions
 d - a potion of poison {unknown}
 h - a potion of might
 i - a potion of degeneration {unknown}
 s - a potion of berserk rage
Comestibles
 c - 4 bread rations
 o - a beef jerky
 p - 2 meat rations


   Skills:
 - Level 5.0 Fighting
 + Level 7.2 Axes
 - Level 2.1 Armour
 - Level 0.7 Dodging


You had 4 spell levels left.
You didn't know any spells.

Dungeon Overview and Level Annotations

Branches:
Dungeon (6/15)
 Temple: D:4-7

Altars:
Fedhas
Nemelex Xobeh


Innate Abilities, Weirdness & Mutations

You possess an exceptional clarity of mind.
You are robust (+10% HP).
Your spells are a little easier to cast, but a little less powerful.


Message History

The mummy is severely damaged.
You hit the mummy but do no damage. You hit the kobold zombie.
You burn the kobold zombie. You hit the mummy but do no damage.
The mummy is almost destroyed.
The kobold zombie closely misses you. The mummy closely misses you.
Unknown command.
You hit the mummy.
There is a sudden explosion of sparks!
You destroy the mummy!
You hit the mummy but do no damage. You hit the kobold zombie.
The kobold zombie seems to speed up.
You barely miss the mummy.
The mummy is almost destroyed.
The kobold zombie hits you but does no damage.
The mummy hits you! x2
* * * LOW HITPOINT WARNING * * *
Unknown command.
Drink which item? (? for menu, Esc to quit)
It was a potion of berserk rage.
You're too hungry to go berserk.
The kobold zombie misses you. The mummy hits you!
You die...
Fedhas appreciates your contribution to the ecosystem.

#### ##..##
#@M..#
......ZMM.......
#......Z........
##..............
#+##........##+
##......##
##....## #....#
#....#


You could see 3 mummies, a kobold zombie and a big kobold zombie.

Vanquished Creatures
  A black bear (D:6)
  2 mummies
  A shadow imp (D:6)
  2 oozes (D:1)
  3 giant geckos
  An orc (D:6)
  2 ball pythons (D:2)
  A gnoll zombie (Ossuary)
  5 goblins
  5 hobgoblins (D:1)
  4 jackals (D:1)
  4 kobolds (D:1)
  A quokka (D:6)
  7 bats
  2 giant cockroaches
  4 giant newts
  2 goblin zombies (D:6)
  5 hobgoblin zombies (Ossuary)
  4 rats (D:1)
56 creatures vanquished.

Vanquished Creatures (others)
  3 toadstools
3 creatures vanquished.

Grand Total: 59 creatures vanquished

Notes
Turn   | Place    | Note
--------------------------------------------------------------
     0 | D:1      | Monkaria the Hill Orc Chaos Knight began the quest for the Orb.
     0 | D:1      | Reached XP level 1. HP: 19/19 MP: 1/1
    25 | D:1      | XOM: harmless Tloc miscast
    42 | D:1      | Reached XP level 2. HP: 18/27 MP: 2/2
   203 | D:1      | Reached skill level 5 in Fighting
   203 | D:1      | Reached XP level 3. HP: 29/36 MP: 3/3
   693 | D:2      | Found a faded altar to an unknown god.
   778 | D:2      | Fell from the grace of Xom
   778 | D:2      | Became a worshipper of Fedhas Madash
   778 | D:2      | Acquired Fedhas's first power
  1338 | D:3      | XOM: noise
  1359 | D:3      | Gained mutation: Your spells are a little easier to cast, but a little less powerful. [potion of mutation]
  1359 | D:3      | Gained mutation: You are robust (+10% HP). [potion of mutation]
  1359 | D:3      | Gained mutation: You possess an exceptional clarity of mind. [potion of mutation]
  1477 | D:3      | You fall through a shaft for 3 floors!
  1477 | D:6      | Found a sparkling altar of Nemelex Xobeh.
  1477 | D:6      | Noticed a black bear
  1494 | D:6      | Killed a black bear
  1494 | D:6      | Reached skill level 6 in Axes
  1494 | D:6      | Reached XP level 4. HP: 46/46 MP: 4/4
  1494 | D:6      | Reached XP level 5. HP: 52/52 MP: 5/5
  1824 | D:6      | Found a sand-covered staircase.
  1832 | Ossuary  | Entered an ossuary
  1843 | Ossuary  | Reached skill level 7 in Axes
  1859 | Ossuary  | Slain by a mummy

Vault maps used:
D:1:      tarquinn_simple_flora_water_d
D:2:      first_bread, ecumenical_altar_1, kennysheep_cluttered_room
D:3:      nicolae_gozag_zags_fifth_avenue, nicolae_ashenzari_panopticon
D:6:      nicolae_ossuary_entry_giza, hangedman_feature_mirror
Ossuary:  ossuary_tomb_3

Action                   |  1- 3 |  4- 6 || total
-------------------------+-------+-------++-------
Melee: Hand axe          |   112 |    56 ||   168
  Use: Potion            |     2 |     1 ||     3
       Scroll            |     2 |       ||     2
 Stab: Confused          |     1 |       ||     1
       Petrifying        |     2 |       ||     2
       Paralysed         |       |     6 ||     6
  Eat: Chunk             |     2 |       ||     2
